Map: Daybreak LE (Void)

Players

Musumeci - Winner!

  • Race: Zerg Zerg
  • League: Diamond
  • Spawn Location: 7:00

Citrus

  • Race: Protoss Protoss
  • League: Diamond
  • Spawn Location: 1:00

VOD

Have the link to the VOD?

Description

Time

  • Played on: Dec. 22, 2016, 6:09 a.m.
  • Length: 11:17
Show
View Real Time Build Order
Export as new Build Order

Musumeci Zerg - Winner!

Build Orders: Hatch First 

Get SALT Encoding   

  12  0:00  Drone  
  13  0:08  Drone  
  14  0:18  Drone, Extractor  
  15  0:40  Hatchery  
  14  0:46  Drone, Extractor  
  15  1:04  Spawning Pool  
  13  1:47  Drone  
  13  1:49  Overlord  
  13  1:51  Queen  
  16  1:59  Zergling x4  
  18  2:06  Drone x2  
  18  2:07  Extractor  
  19  2:09  Drone  
  20  2:23  Drone x2  
  20  2:25  Drone  
  23  2:41  Drone x3  
  25  2:59  Drone x2  
  27  3:11  Drone  
  28  3:17  Overlord x2  
  27  3:23  Drone  
  28  3:34  Queen  
  28  3:35  Drone x4  
  28  3:39  Drone  
  35  3:43  Drone  
  36  3:53  Hatchery  
  35  3:57  Drone x5  
  35  4:02  Drone, Extractor  
  40  4:03  Roach Warren  
  40  4:04  Drone  
  40  4:06  Extractor  
  39  4:11  Overlord  
  39  4:22  Drone x2  
  41  4:26  Drone  
  42  4:33  Zergling x8  
  46  4:42  Overlord  
  46  4:44  Overlord x2  
  46  4:47  Metabolic Boost, Lair  
  46  4:49  Roach  
  48  4:57  Roach x2  
  52  5:00  Extractor  
  51  5:12  Overlord  
  51  5:16  Roach  
  51  5:17  Roach x5  
  51  5:20  Drone  
  64  5:26  Drone x3  
  67  5:30  Roach  
  67  5:31  Roach x2  
  73  5:43  Roach x4  
  73  5:45  Glial Reconstitution  
  81  5:51  Extractor  
  80  6:02  Overlord x3  
  80  6:04  Extractor  
  79  6:27  Ravager x7  
  79  6:28  Zergling x6  
  79  6:29  Zergling x16  
  91  7:01  Roach x6  
  90  7:12  Roach x5  
  93  7:22  Roach x6  
  91  7:33  Zergling x4  
  83  7:45  Drone x6  
  87  7:53  Ravager  
  87  7:54  Ravager x6  
  94  8:00  Queen  
  94  8:01  Overlord x3  
  95  8:33  Roach  
  95  8:34  Roach x9  
  115  8:48  Overseer  
  115  9:00  Zergling x6  
  115  9:01  Zergling x6  
  121  9:03  Overseer  
  121  9:06  Overseer  
  121  9:12  Overlord x5  
  121  9:30  Ravager x9  
  130  9:32  Ravager x3  
  130  9:33  Ravager x3  
  130  9:34  Zergling x2  
  130  9:35  Zergling x4  
  95  10:11  Zergling x2  
  95  10:12  Zergling x34  
  92  10:32  Roach x6  
  102  10:55  Roach  
  102  10:56  Roach x6  
Show
View Real Time Build Order
Export as new Build Order

Citrus Protoss 

Build Orders:  

Get SALT Encoding   

  12  0:01  Probe (Chrono Boost)  
  13  0:11  Probe (Chrono Boost)  
  14  0:23  Probe (Chrono Boost)  
  14  0:24  Pylon  
  15  0:42  Probe (Chrono Boost)  
  16  0:52  Gateway  
  16  0:53  Probe (Chrono Boost)  
  17  1:03  Forge  
  17  1:05  Pylon  
  17  1:09  Pylon  
  18  1:18  Probe (Chrono Boost)  
  18  1:20  Assimilator  
  17  1:29  Probe (Chrono Boost)  
  17  1:30  Pylon  
  17  1:42  Probe (Chrono Boost)  
  18  1:55  Nexus  
  18  2:07  Cybernetics Core  
  18  2:20  Photon Cannon, Probe (Chrono Boost)  
  19  2:27  Assimilator  
  19  2:30  Probe (Chrono Boost)  
  19  2:35  Protoss Ground Weapons Level 1  
  20  2:40  Warp Gate  
  20  2:42  Probe (Chrono Boost)  
  21  2:56  Adept  
  21  2:57  Probe (Chrono Boost)  
  23  3:09  Probe (Chrono Boost)  
  23  3:11  Probe (Chrono Boost)  
  25  3:21  Probe (Chrono Boost)  
  25  3:22  Probe (Chrono Boost)  
  26  3:32  Probe (Chrono Boost)  
  26  3:33  Probe (Chrono Boost)  
  28  3:43  Probe (Chrono Boost)  
  28  3:45  Probe (Chrono Boost)  
  30  3:52  Pylon  
  30  3:53  Probe (Chrono Boost)  
  31  4:00  Probe (Chrono Boost)  
  32  4:04  Twilight Council, Probe (Chrono Boost)  
  32  4:07  Assimilator  
  33  4:13  Mothership Core (Chrono Boost)  
  33  4:15  Protoss Ground Armor Level 1  
  33  4:16  Probe (Chrono Boost)  
  36  4:24  Pylon  
  36  4:28  Probe (Chrono Boost)  
  37  4:33  Assimilator, Probe (Chrono Boost)  
  38  4:40  Probe (Chrono Boost), Resonating Glaives  
  38  4:43  Stalker  
  42  4:45  Probe (Chrono Boost)  
  42  4:52  Probe (Chrono Boost)  
  43  4:57  Probe (Chrono Boost)  
  43  4:58  Robotics Facility  
  44  5:04  Probe (Chrono Boost)  
  45  5:10  Probe (Chrono Boost)  
  46  5:16  Probe (Chrono Boost)  
  46  5:19  Gateway  
  46  5:21  Gateway  
  47  5:22  Gateway  
  47  5:23  Stalker  
  49  5:38  Probe (Chrono Boost)  
  49  5:42  Warp Prism  
  51  5:43  Probe (Chrono Boost)  
  53  5:51  Gateway  
  53  5:53  Gateway  
  52  6:07  Adept  
  54  6:11  Pylon  
  54  6:18  Pylon  
  54  6:19  Pylon  
  54  6:21  Pylon  
  54  6:24  Immortal  
  54  6:29  Pylon  
  54  6:31  Adept x2  
  60  6:47  Adept x2  
  62  6:55  Sentry  
  62  6:56  Sentry x2  
  62  7:10  Adept  
  58  7:24  Immortal  
  58  7:25  Zealot x3  
  61  7:33  Probe (Chrono Boost)  
  59  7:43  Probe (Chrono Boost)  
  51  7:51  Pylon  
  51  7:53  Pylon  
  51  7:54  Pylon  
  51  7:55  Protoss Ground Weapons Level 2  
  51  7:56  Pylon  
  51  7:57  Probe (Chrono Boost)  
  51  7:58  Cybernetics Core, Immortal  
  56  8:15  Pylon  
  56  8:25  Nexus  
  56  8:30  Pylon x2  
  56  8:35  Sentry  
  56  8:36  Adept x2, Sentry  
  56  8:37  Adept  
  66  8:48  Adept  
  64  8:57  Adept  
  64  8:58  Adept x2  
  64  9:02  Probe x2 (Chrono Boost)  
  72  9:14  Probe (Chrono Boost)  
  72  9:16  Mothership Core (Chrono Boost)  
  75  9:17  Sentry  
  75  9:18  Sentry x2  
  81  9:26  Probe (Chrono Boost)  
  82  9:32  Zealot  
  82  9:36  Probe (Chrono Boost)  
  82  9:37  Photon Cannon  
  86  9:39  Probe (Chrono Boost)  
  86  9:45  Probe (Chrono Boost)  
  87  9:48  Probe (Chrono Boost)  
  87  9:51  Zealot x2, Probe (Chrono Boost)  
  77  10:01  Zealot x2  
  67  10:14  Zealot x3  
  52  10:20  Adept  
  41  10:30  Adept x2  
  40  10:36  Sentry x2  
  40  10:39  Sentry  
  46  10:55  Adept x3  
  37  11:06  Adept x2  
  37  11:10  Sentry  
Tags
 
Add a new tag
Caveats
  • Supply blocks, unpowered buildings, or Contaminate may cause inaccurate times.
  • Supply counts are checked every 10 seconds.